 Dungeon Crawl Stone Soup version 0.19-a0-505-g8266cc7 (webtiles) character file.

2492 shmeve the Fighter (level 9, -2/81 HPs)
             Began as a Minotaur Fighter on June 5, 2016.
             Was a Follower of Hepliaklqana.
             Killed by nerve-wracking pain
             ... invoked by Menkaure
              (6 damage)
             ... on level 7 of the Dungeon.
             The game lasted 00:13:31 (4609 turns).

shmeve the Fighter (Minotaur Fighter)               Turns: 4609, Time: 00:13:32

Health: -2/81      AC: 11    Str: 25    XL:     9   Next: 27%
Magic:  8/8        EV:  8    Int:  5    God:    Hepliaklqana [*.....]
Gold:   253        SH: 11    Dex:  9    Spells: 0 memorised, 8 levels left

rFire  . . .     SeeInvis .     a - +0 war axe
rCold  . . .     Gourm    .     m - +0 chain mail
rNeg   . . .     Faith    .     c - +0 shield
rPois  .         Spirit   .     (helmet restricted)
rElec  .         Dismiss  .     x - +0 cloak
rCorr  .         Reflect  .     (no gloves)
SustAt +         Harm     .     (no boots)
MR     .....                    (no amulet)
Stlth  ..........               (no ring)
                                d - ring of sustain attributes

@: not resistant to hostile enchantments, extremely unstealthy
A: retaliatory headbutt, horns 2
a: Recall Ancestor, Ancestor Identity, Renounce Religion


You were on level 7 of the Dungeon.
You worshipped Hepliaklqana.
Hepliaklqana was aware of your devotion.
You were not hungry.

You visited 1 branch of the dungeon, and saw 7 of its levels.

You collected 253 gold pieces.

Inventory:

Hand Weapons
 a - a +0 war axe (weapon)
Missiles
 u - 6 javelins (quivered)
Armour
 c - a +0 shield (worn)
 m - a +0 chain mail (worn)
 x - a +0 cloak (worn)
Jewellery
 d - a ring of sustain attributes (left hand)
Wands
 C - a wand of confusion (8/48)
Scrolls
 k - 5 scrolls of identify {unknown}
 r - a scroll of noise {unknown}
 s - a scroll of teleportation {unknown}
 y - 4 scrolls of remove curse {unknown}
 z - a scroll of magic mapping {unknown}
 B - a scroll of enchant weapon {unknown}
Potions
 e - 2 potions of haste {unknown}
 h - 2 potions of brilliance {unknown}
 i - 2 potions of agility
 j - 3 potions of curing {unknown}
 n - 2 potions of mutation {unknown}
 o - 2 potions of flight {unknown}
 p - a potion of lignification {unknown}
 q - 2 potions of heal wounds {unknown}
 t - a potion of berserk rage {unknown}
 w - 3 potions of magic {unknown}
 D - a potion of might
Books
 v - a book of Envenomations

   Spells                             Type                      Level
   a - Spider Form                    Transmutation/Poison         3
   b - Olgreb's Toxic Radiance        Poison                       4
   c - Alistair's Intoxication        Transmutation/Poison         5
   d - Poisonous Cloud                Conjuration/Poison/Air       6
Comestibles
 b - 2 beef jerkies
 f - 5 bread rations
 g - 5 meat rations
 l - 4 royal jellies
 A - 3 fruits
 E - 2 chunks of flesh


   Skills:
 * Level 8.2 Fighting
 * Level 7.2 Axes
 + Level 3.4 Throwing
 + Level 6.6 Armour
 + Level 4.2 Dodging
 * Level 8.0 Shields


You had 8 spell levels left.
You didn't know any spells.

Dungeon Overview and Level Annotations

Branches:
Dungeon (7/15)             Temple (0/1) D:6

Altars:
Ashenzari
Dithmenos
Elyvilon
Gozag
Hepliaklqana
Kikubaaqudgha
Nemelex Xobeh
Okawaru
Pakellas
Xom
Zin

Shops:
D:5 !%%

Annotations:
D:7 Menkaure


Innate Abilities, Weirdness & Mutations

You reflexively headbutt those who attack you in melee.
You have a pair of horns on your head.


Message History

Your body is wracked with pain!
* * * LOW HITPOINT WARNING * * *
The gnoll convulses!
The freed slave convulses! x2
The gnoll sergeant convulses!
The gnoll closely misses you.
Teicuih hits the gnoll.
Menkaure hums, "It doesn't hurt if you pull your brain out of your nose yourself."
Menkaure gestures at you while chanting.
Pain shoots through your body!
* * * LOW HITPOINT WARNING * * *
The gnoll hits Teicuih with a spear.
Menkaure hits you.
* * * LOW HITPOINT WARNING * * *
Teicuih hits the gnoll.
The gnoll dies!
You hit Menkaure.
You headbutt Menkaure, but do no damage.
Menkaure is lightly damaged.
Menkaure casts a spell at you. Pain shoots through your body!
You die...

.#.#.......... .
.p............
#.#............#
...............#..
.#................
......g.......#..
#(..).........
#...R)...#..# #.
......#.@M##..###..
# .##.#
##..p.......# .. #
#.##....#####.##.
#.......#####...
#####.).).##..#
#..†..)#.#
#....#....##
#.......))†.#######
...####.."#.........


You could see a gnoll sergeant, Menkaure, 2 neutral freed slaves and the
friendly Teicuih the ancestor.

Vanquished Creatures
  Pikel (D:7)
  Eustachio (D:5)
  A water moccasin (D:7)
  A porcupine (D:4)
  An orc warrior (D:6)
  An ice beast (D:6)
  3 ogres (D:6)
  2 giant frogs
  A scorpion (D:7)
  A howler monkey (D:4)
  A crimson imp (D:6)
  A hound (D:4)
  A jelly (D:5)
  An orc wizard (D:4)
  Natasha (thrice) (D:2)
  3 worker ants
  A gnoll (D:7)
  7 adders
  A shadow imp (D:7)
  An ooze (D:1)
  2 adder skeletons (D:4)
  2 worms (D:2)
  4 dart slugs
  3 giant geckos
  21 orcs
  3 bats
  9 giant cockroaches
  8 goblins
  7 hobgoblins
  6 jackals (D:3)
  5 kobolds
  2 quokkas
  3 ball pythons
  A giant gecko skeleton (D:6)
  4 giant newts
  A jackal zombie (D:6)
  8 rats
122 creatures vanquished.

Vanquished Creatures (collateral kills)
  3 sky beasts
  2 centaurs (D:5)
  A scorpion (D:6)
  A jelly (D:6)
  An iguana (D:6)
  A gnoll (D:7)
  2 shadow imps (D:6)
  An orc (D:6)
  A ball python (D:5)
  3 rats (D:5)
16 creatures vanquished.

Vanquished Creatures (others)
  A quokka (D:7)
1 creature vanquished.

Grand Total: 139 creatures vanquished

Notes
Turn   | Place    | Note
--------------------------------------------------------------
     0 | D:1      | shmeve the Minotaur Fighter began the quest for the Orb.
     0 | D:1      | Reached XP level 1. HP: 19/19 MP: 0/0
   298 | D:1      | Reached XP level 2. HP: 21/27 MP: 1/1
   796 | D:2      | Reached XP level 3. HP: 33/33 MP: 2/2
   819 | D:2      | Noticed Natasha
   823 | D:2      | Killed Natasha
   948 | D:2      | Reached XP level 4. HP: 35/40 MP: 3/3
   963 | D:2      | Noticed Natasha
   972 | D:2      | Killed Natasha
  1139 | D:2      | Noticed Natasha
  1149 | D:2      | Killed Natasha
  1149 | D:2      | Reached skill level 1 in Dodging
  1217 | D:2      | Reached XP level 5. HP: 47/47 MP: 4/4
  1298 | D:2      | Found a faded altar of an unknown god.
  1314 | D:2      | Became a worshipper of Xom of Chaos
  1552 | D:3      | Found an opulent altar of Gozag.
  1598 | D:3      | Found a glowing silver altar of Zin.
  1599 | D:3      | Noticed an angel
  1790 | D:3      | XOM: mild Hex miscast
  2195 | D:4      | Noticed a porcupine
  2195 | D:4      | a worker ant changed into a porcupine
  2195 | D:4      | XOM: polymorph worker ant -> porcupine
  2196 | D:4      | Reached skill level 1 in Throwing
  2198 | D:4      | Killed a porcupine
  2198 | D:4      | Reached skill level 5 in Fighting
  2198 | D:4      | Reached skill level 5 in Shields
  2198 | D:4      | Reached XP level 6. HP: 55/56 MP: 5/5
  2447 | D:4      | Reached skill level 5 in Armour
  2702 | D:5      | Entered Level 5 of the Dungeon
  2702 | D:5      | Found Zoidghy's Distillery.
  2725 | D:5      | XOM: enchant monster (bad)
  2733 | D:5      | Noticed a sky beast
  2738 | D:5      | XOM: summons 2 friendly demons
  2748 | D:5      | Killed a sky beast
  2876 | D:5      | Reached XP level 7. HP: 60/61 MP: 6/6
  2973 | D:5      | Found Nuvoon's Food Shoppe.
  2976 | D:5      | Noticed Eustachio
  2990 | D:5      | XOM: scenery: 1 doors open, 1 doors close
  2991 | D:5      | Found a shadowy altar of Dithmenos.
  3006 | D:5      | Killed Eustachio
  3006 | D:5      | Reached skill level 5 in Axes
  3048 | D:5      | Found an oddly glowing altar of Pakellas.
  3050 | D:5      | Found an ancient bone altar of Kikubaaqudgha.
  3050 | D:5      | Found a hazy altar of Hepliaklqana.
  3050 | D:5      | Found an iron altar of Okawaru.
  3051 | D:5      | Found a white marble altar of Elyvilon.
  3051 | D:5      | Found a shimmering altar of Xom.
  3052 | D:5      | Found a sparkling altar of Nemelex Xobeh.
  3054 | D:5      | Found a shattered altar of Ashenzari.
  3059 | D:5      | Fell from the grace of Xom
  3059 | D:5      | Became a worshipper of Hepliaklqana
  3493 | D:5      | Found Juollevu's Food Emporium.
  3729 | D:6      | Reached XP level 8. HP: 52/71 MP: 7/7
  3861 | D:6      | XOM: severe Fire miscast
  3979 | D:6      | Reached * piety under Hepliaklqana
  4142 | D:6      | XOM: god gift: robe {god gift}
  4455 | D:6      | Found a staircase to the Ecumenical Temple.
  4498 | D:7      | XOM: medium Divn miscast
  4545 | D:7      | Noticed Pikel
  4558 | D:7      | Killed Pikel
  4558 | D:7      | Reached XP level 9. HP: 32/81 MP: 8/8
  4570 | D:7      | XOM: summons 2 hostile shadow creatures
  4599 | D:7      | Noticed Menkaure
  4607 | D:7      | HP: 4/81 [Menkaure/nerve-wracking pain (13)]
  4609 | D:7      | Killed from afar by Menkaure

Vault maps used:
D:1:      saegor_arrival_under_anarchy
D:2:      ecumenical_altar_1, uniq_natasha
D:3:      grunt_gozag_breadcrumbs, zin_angel
D:5:      minitemple, serial_shops, nicolae_shop_trees, shop,
          nicolae_shop_window_shopping, portal_sewer_entry_e, first_bread,
          uniq_eustachio
D:6:      temple_hall_moat
D:7:      uniq_pikel, uniq_menkaure

Skill      XL: |  1  2  3  4  5  6  7  8  9 |
---------------+----------------------------+-----
Axes           | 3 4 5 7 |  7.2
Armour         | 4 5 6 |  6.6
Fighting       | 4 5 6 8 |  8.2
Shields        | 4 5 6 7 8 |  8.0
Dodging        | 1 2 4 |  4.2
Throwing       | 1 2 3 |  3.4

Action                   |  1- 3 |  4- 6 |  7- 9 || total
-------------------------+-------+-------+-------++-------
Melee: War axe           |    60 |   135 |   159 ||   354
       Headbutt          |     9 |    20 |    24 ||    53
Throw: Javelin           |       |     3 |     2 ||     5
Evoke: Wand              |       |    15 |     3 ||    18
  Use: Potion            |       |       |     1 ||     1
 Stab: Confused          |       |       |     1 ||     1
  Eat: Chunk             |       |     5 |     6 ||    11
       Fruit             |       |       |     2 ||     2
Armor: Scale mail        |    12 |       |       ||    12
       Chain mail        |     4 |    88 |   118 ||   210
Dodge: Dodged            |    20 |    41 |    60 ||   121
Block: Shield            |    28 |    94 |   107 ||   229
